 Dungeon Crawl Stone Soup version 0.31-a0-925-g0a390f2509 (webtiles) character file.

Game seed: 4705486341289457489

2983 Shayle the Mimic (level 10, 0/72 (76) HPs)
             Began as a Human Shapeshifter on Oct 19, 2023.
             Was an Initiate of Ru.
             Slain by a wight
             ... wielding a +3 mace of freezing
              (2 damage)
             ... on level 7 of the Dungeon.
             The game lasted 00:20:49 (8187 turns).

Shayle the Mimic (Human Shapeshifter)               Turns: 8187, Time: 00:20:50

HP:   0/72 (76)     AC:  5    Str: 14    XL:     10   Next: 9%
MP:   9/9           EV: 14    Int: 15    God:    Ru [......]
Gold: 344           SH:  0    Dex: 13    Spells: 9/9 levels left

rFire   . . .        b - melded +2 whip (elec)
rCold   . . .        (shield currently unavailable)
rNeg    . . .        m - +2 leather armour of the Raven {-Cast Will++}
rPois   .            (no helmet)
rElec   .            (no cloak)
rCorr   .            (no gloves)
SInv    .            (no boots)
Will    +++..        (no amulet)
Stlth   +            (no ring)
HPRegen 0.32/turn    (no ring)
MPRegen 0.11/turn

%: no spellcasting
@: lethally poisoned (0 -> 0), about to teleport, flux-form, enlightened,
flying, glowing, studying Axes, drained
A: glow, contaminating, low MP 1
a: Begin Untransformation, Renounce Religion


You were on level 7 of the Dungeon.
You worshipped Ru.
Ru was noncommittal.
You were something dangerously unstable.
You visited 2 branches of the dungeon, and saw 9 of its levels.

You collected 344 gold pieces.

Inventory:

Hand Weapons
 b - a +2 whip of electrocution (melded)
 i - a +1 spear of freezing
 l - a +3 club
 n - the +2 sling of the Exiled Scars {freeze, rElec rC- Stlth+}
   (You found it on level 3 of the Dungeon)

   rC-:       It makes you vulnerable to cold.
   rElec:     It insulates you from electricity.
   Stlth+:    It makes you more stealthy.
Armour
 a - a +0 animal skin
 h - a +0 ring mail
 j - a +0 helmet
 m - the +2 leather armour of the Raven (worn) {-Cast Will++}
   (You found it on level 2 of the Dungeon)

   Will++:    It greatly increases your willpower.
   -Cast:     It prevents spellcasting.
Talismans
 c - a beast talisman
 d - a flux talisman (active)
Wands
 f - a wand of roots (14)
 r - a wand of paralysis (2)
 t - a wand of flame (10)
Scrolls
 e - 2 scrolls of silence
 g - a scroll of noise
 k - a scroll of acquirement {unknown}
 o - 2 scrolls of amnesia
 s - a scroll of poison
Potions
 p - a potion of lignification
 q - 2 potions of brilliance
 u - 3 potions of mutation
 w - a potion of invisibility


   Skills:
 + Level 6.1 Fighting
 + Level 6.4 Dodging
 + Level 6.8 Unarmed Combat
 + Level 8.0 Shapeshifting


You had 9 spell levels left.
You didn't know any spells.
Your spell library contained the following spells:

 Spells                   Type           Power      Damage    Failure   Level
 Sandblast                Erth           0%         2d4       34%         1
 Lesser Beckoning         Tloc           0%         N/A       45%         2
 Passwall                 Tmut/Erth      0%         N/A       45%         2
 Gell's Gravitas          Tloc           0%         N/A       71%         3
 Stone Arrow              Conj/Erth      0%         3d7       71%         3
 Teleport Other           Tloc           0%         N/A       71%         3
 Brom's Barrelling Bould  Conj/Erth      0%         2d3       98%         4


Dungeon Overview and Level Annotations

Branches:
Dungeon (8/15)             Temple (1/1) D:4
   Lair: D:8-11

Altars:
Ashenzari
Cheibriados
Dithmenos
Elyvilon
Fedhas
Gozag
Hepliaklqana
Kikubaaqudgha
Makhleb
Nemelex Xobeh
Okawaru
Qazlal
Ru
Sif Muna
Trog
Uskayaw
Vehumet
Wu Jian
Xom
Yredelemnul
Zin
The Shining One

Shops:
D:3 [

Annotations:
D:7 3 runed translucent doors, CowFu's ghost, novice DrMo


Innate Abilities, Weirdness & Mutations

You are something dangerously unstable.
You glow with magical radiation, making you easy to see and hit.
Foes you strike become dangerously contaminated with magical radiation.
You are incapable of wielding weapons or throwing items.
Your magical capacity is low. (-10% MP)


Message History

You are poisoned.
The scorpion poisons you!
You punch the scorpion!
The scorpion shudders as magic cascades through it!!
You kill the scorpion!
You feel very sick.
You barely miss the wight.
You feel very sick.
You completely miss the wight.
You feel sick.
The wight hits you with a +3 mace of freezing.
The wight freezes you.
You hit the wight.
The wight begins to glow.
The wight is lightly damaged.
You feel sick. The wight misses you.
You hit the wight.
The wight glows dangerously bright.
The wight is moderately damaged.
You feel sick. The wight closely misses you.
You barely miss the wight.
The wight is moderately damaged.
You feel sick.
The wight hits you with a +3 mace of freezing!
You feel drained. The wight freezes you.
* * * LOW HITPOINT WARNING * * *
You hit the wight.
The wight shudders as magic cascades through it.
The wight is heavily damaged.
You feel sick.
The wight hits you with a +3 mace of freezing!
* * * LOW HITPOINT WARNING * * *
The wight freezes you.
* * * LOW HITPOINT WARNING * * *
It was a potion of enlightenment.
You feel very buoyant.
You fly up into the air.
You feel sick. The wight misses you.
As you read the scroll of teleportation, it crumbles to dust.
You feel strangely unstable.
You feel sick.
The wight hits you with a +3 mace of freezing.
* * * LOW HITPOINT WARNING * * *
You feel drained.
You die...

#.....#
#.##########.#.#.######
#.#...#......#.#......#
#.....#....###.###....#
#....#...............#
#....#....###.###....#
#....#......#.#......#
#....######.#.#.######
#..zzp..##.....#
##.####.##.....# ..
#.##.....# ##
#.##.....# #.####'###
#......# ########


You could see 2 wights.

Vanquished Creatures
  A steam dragon (D:7)
  Edmund (D:6)
  A water moccasin (D:6)
  2 orc warriors
  2 black bears
  3 ogres
  3 centaurs
  3 phantoms
  A bullfrog (D:6)
  4 scorpions
  3 wights
  A howler monkey (D:5)
  A quasit (D:7)
  4 hounds (D:5)
  A jelly (D:4)
  4 orc priests
  A sleepcap (D:4)
  Jessica (D:2)
  Terence (D:2)
  4 iguanas
  3 orc wizards
  Robin (D:2)
  4 gnolls (D:3)
  13 adders
  4 shadow imps
  4 white imps
  6 ufetubi
  3 worms
  2 dart slugs
  24 orcs
  10 ball pythons
  5 bats
  10 endoplasms
  5 giant cockroaches
  11 goblins
  15 hobgoblins
  4 jackals (D:1)
  A quokka (D:1)
  4 frilled lizards
  4 kobolds
  8 rats
183 creatures vanquished.

Vanquished Creatures (collateral kills)
  2 wights (D:6)
2 creatures vanquished.

Grand Total: 185 creatures vanquished

Notes
Turn   | Place    | Note
-------+----------+-------------------------------------------
     0 | D:1      | Shayle the Human Shapeshifter began the quest for the Orb.
     0 | D:1      | Reached XP level 1. HP: 15/15 MP: 1/1
    43 | D:1      | Reached XP level 2. HP: 8/21 MP: 2/2
   289 | D:1      | Reached XP level 3. HP: 23/26 MP: 3/3
   538 | D:1      | Found a faded altar of an unknown god.
   564 | D:2      | Noticed Robin
   609 | D:2      | Reached XP level 4. HP: 33/33 MP: 4/4
   641 | D:2      | Killed Robin
   741 | D:2      | Noticed Jessica
   759 | D:2      | Killed Jessica
   823 | D:2      | Identified the +2 leather armour of the Raven {-Cast
                  | Will++}
   893 | D:2      | Reached XP level 5. HP: 36/38 MP: 5/5
   925 | D:2      | Noticed Terence
   937 | D:2      | Killed Terence
   938 | D:2      | Reached skill level 4 in Shapeshifting
  1714 | D:3      | Found Wedoim Ryle's Armour Shoppe.
  1936 | D:3      | Identified the +2 sling of the Exiled Scars {freeze, rElec
                  | rC- Stlth+}
  2072 | D:3      | Reached XP level 6. HP: 23/46 MP: 6/6
  2473 | D:3      | Found a sacrificial altar of Ru.
  2495 | D:3      | Became a worshipper of Ru the Awakened
  2642 | D:3      | Noticed a black bear
  2652 | D:3      | Killed a black bear
  2761 | D:3      | Reached XP level 7. HP: 50/52 MP: 7/7
  3031 | D:4      | Found a staircase to the Ecumenical Temple.
  3035 | D:4      | Reached skill level 5 in Shapeshifting
  3044 | Temple   | Entered the Ecumenical Temple
  3592 | D:5      | Entered Level 5 of the Dungeon
  3803 | D:5      | Reached XP level 8. HP: 33/60 MP: 8/8
  3803 | D:5      | Gained mutation: Your magical capacity is low. (-10% MP)
                  | [Ru sacrifice]
  4132 | D:5      | Reached skill level 5 in Unarmed Combat
  4265 | D:5      | Reached skill level 6 in Shapeshifting
  5126 | D:6      | Reached XP level 9. HP: 63/66 MP: 8/8
  5150 | D:6      | Reached skill level 5 in Dodging
  5242 | D:6      | Noticed Edmund
  5248 | D:6      | Killed Edmund
  5249 | D:6      | Reached skill level 7 in Shapeshifting
  5353 | D:6      | Reached skill level 5 in Fighting
  7630 | D:7      | Reached XP level 10. HP: 41/76 MP: 9/9
  7868 | D:7      | Found a runed translucent gate.
  7869 | D:7      | Found a runed translucent gate.
  7869 | D:7      | Noticed CowFu's ghost (novice DrMo)
  7870 | D:7      | Found a runed translucent gate.
  8178 | D:7      | Reached skill level 8 in Shapeshifting
  8187 | D:7      | HP: 2/74 [wight/+3 mace of freezing (6)]
  8187 | D:7      | Slain by a wight

Illustrated notes

Levels and vault maps discovered:
D:1:      amcnicky_arrival_choice, layout_rooms,
          hellmonk_ecumenical_altar_heavens_door, minmay_misc_feat_plants,
          minmay_pentomino_s4
D:2:      wander_river, layout_basic, uniq_robin, uniq_jessica, uniq_terence
D:3:      layout_loops_cross, nicolae_ru_awakened_eye, serial_shops, shop,
          grunt_ministairs_9
D:4:      layout_rooms, minmay_temple_entry_trees
D:5:      layout_basic
D:6:      layout_basic, grunt_ministairs_8, uniq_edmund
D:7:      layout_loops_cross, biasface_ghost_orc_armoury, serial_demonic,
          serial_demonic_c, serial_demonic_b, serial_demonic_f,
          serial_demonic_e, serial_demonic_f, serial_demonic_d,
          kennysheep_minor_cross, minmay_manual_mares
D:8:      layout_rooms, uniq_erica
Temple:   mainiacjoe_temple_hex_bubbles

Skill      XL: |  1  2  3  4  5  6  7  8  9 10 |
---------------+-------------------------------+-----
Fighting       | 2 3 4 5 6 |  6.1
Shapeshifting  | 4 5 6 7 8 |  8.0
Dodging        | 3 4 6 |  6.4
Unarmed Combat | 4 5 6 |  6.8

Action                     |  1- 3 |  4- 6 |  7- 9 | 10-12 || total
---------------------------+-------+-------+-------+-------++-------
  Melee: Unarmed           |   108 |    28 |   126 |    32 ||   294
         Punch             |     4 |     2 |     7 |       ||    13
         Spear             |       |   103 |       |       ||   103
         Whip              |       |    18 |   261 |       ||   279
 Invoke: Sacrifice Essence |       |       |     1 |       ||     1
         Reject Sacrifices |       |       |     1 |       ||     1
  Evoke: Wand              |       |     3 |     7 |     4 ||    14
    Use: Scroll            |       |     2 |     9 |     1 ||    12
         Potion            |       |     2 |     4 |     3 ||     9
   Stab: Sleeping          |       |       |     1 |       ||     1
         Paralysed         |       |       |     5 |     1 ||     6
 Armour: Animal skin       |    32 |       |       |       ||    32
         Ring mail         |     6 |    13 |       |       ||    19
         Leather armour    |       |    70 |   303 |    22 ||   395
         Skin              |       |     3 |     7 |       ||    10
  Dodge: Dodged            |    57 |    80 |   321 |    22 ||   480
   Form: Flux              |       |       |     1 |       ||     1

Table legend: (Time is in decaauts)
 A = Elapsed time spent in this place.
 B = Non-inter-level travel time spent in this place.
 C = Inter-level travel time spent in this place.
 D = Time resting spent in this place.
 E = Time spent auto-exploring this place.
 F = Levels seen in this place.
 G = Mean time per level.
                   A        B        C        D        E       F      G
               +--------+--------+--------+--------+--------+-----+--------+
         Total |   8234 |   8005 |    229 |   1589 |   4395 |   9 |  914.9 |
       Dungeon |   8232 |   8003 |    229 |   1589 |   4395 |   8 | 1029.0 |
        Temple |      1 |      1 |      0 |      0 |      0 |   1 |    1.0 |
               +--------+--------+--------+--------+--------+-----+--------+

Top non-repeatable levels by time:
     D:6: 1709 daAuts
     D:7: 1432 daAuts
     D:5: 1340 daAuts
     D:3: 1228 daAuts
     D:2: 1026 daAuts
     D:4: 767 daAuts
     D:1: 623 daAuts
     D:8: 104 daAuts
  Temple: 1 daAuts
